 Dungeon Crawl Stone Soup version 0.29-a0-378-gc08b2e8bf8 (webtiles) character file.

Game seed: 14020788285125812374

59 jlumianski the Skirmisher (level 3, 0/28 (29) HPs)
             Began as a Demonspawn Fighter on May 4, 2022.
             Slain by an iguana (3 damage)
             ... on level 6 of the Dungeon.
             The game lasted 00:05:33 (1798 turns).

jlumianski the Skirmisher (Demonspawn Fighter)      Turns: 1798, Time: 00:05:33

HP:   0/28 (29)     AC: 10    Str: 18    XL:     3   Next: 78%
MP:   3/3           EV:  6    Int:  9    God:
Gold: 144           SH:  4    Dex: 12    Spells: 2/2 levels left

rFire   . . .      SeeInvis .   a - +0 war axe
rCold   . . .      Faith    .   c - +0 buckler
rNeg    . . .      Spirit   .   m - +0 chain mail
rPois   .          Reflect  .   (no helmet)
rElec   .          Harm     .   (no cloak)
rCorr   .          Rampage  .   (no gloves)
Will    .....                   n - +0 pair of boots
Stlth   ..........              (no amulet)
HPRegen 0.09/turn               (no ring)
MPRegen 0.08/turn               (no ring)

@: lightly drained
A: hooves 1, ignite blood 1
a: no special abilities


You were on level 6 of the Dungeon.
You visited 1 branch of the dungeon, and saw 4 of its levels.

You collected 144 gold pieces.

Inventory:

Hand Weapons
 a - a +0 war axe (weapon)
Missiles
 e - 3 poisoned darts (quivered)
 h - 51 stones
Armour
 b - a +0 scale mail
 c - a +0 buckler (worn)
 m - a +0 chain mail (worn)
 n - a +0 pair of boots (worn)
Wands
 r - a wand of paralysis (14)
Scrolls
 f - a scroll of identify
 g - a scroll of fog
 j - a scroll of enchant weapon {unknown}
 k - a scroll of teleportation
 o - a scroll of poison {unknown}
 s - a scroll of blinking {unknown}
Potions
 d - a potion of might
 i - a potion of curing
 l - a potion of flight {unknown}
 p - a potion of heal wounds {unknown}
 q - a potion of resistance {unknown}


   Skills:
 + Level 3.3 Fighting
 + Level 2.7 Axes
 + Level 3.1 Armour
 + Level 0.5 Dodging
 + Level 2.9 Shields


You had 2 spell levels left.
You didn't know any spells.
Your spell library contained the following spells:

 Spells                   Type           Power      Damage    Failure   Level
 Sublimation of Blood     Necr           0%         N/A       100%        2
 Petrify                  Tmut/Erth      0%         N/A       100%        4
 Irradiate                Conj/Tmut      0%         3d13      100%        5


Dungeon Overview and Level Annotations

Branches:
Dungeon (3/15)

Altars:

Annotations:
D:6 1 transporter, Maggie; RandomusNamus's ghost, novice FoFi; Sigmund


Innate Abilities, Weirdness & Mutations

You have large cloven feet.
Your demonic aura sometimes causes spilled blood to erupt in flames.


Message History

You hear the hiss of flowing sand.
There is an entrance to an ossuary on this level.
Hurry and find it before the portal is buried!
Maggie, Sigmund and 3 wights come into view.
Maggie is wielding a +0 glaive of flaming.
Sigmund is wielding a +0 scythe and wearing a +2 robe of cold resistance.
The bullfrog croaks.
The shadow imp shouts, "Back with thee, thou unmuzzled dread-bolted maggot-pie!"
Maggie shouts!
You hear a shout!
Found four items.
Found a stone staircase leading up.
As you read the scroll labelled YFEURO HAYCA, it crumbles to dust.
It is a scroll of identify.
g - a scroll of fog Maggie casts a spell at you.
The bolt of fire hits you!!
Ouch! That really hurt!
* * * LOW HITPOINT WARNING * * *
It was a potion of curing.
You feel better.
Sigmund gestures wildly while chanting.
Sigmund flickers and vanishes!
Deactivating autopickup; reactivate with Ctrl-A.
Maggie gestures wildly while chanting.
Maggie attempts to bespell you! You resist.
As you read the scroll labelled MAYCZI KECHU, it crumbles to dust.
You feel strangely unstable.
It was a scroll of teleportation.
The wight hits you with a +0 long sword.
* * * LOW HITPOINT WARNING * * *
Something hits you.
* * * LOW HITPOINT WARNING * * *
Maggie drinks a potion.
Maggie flickers and vanishes!
The wight hits you with a +4 falchion.
* * * LOW HITPOINT WARNING * * *
You feel drained.
* * * LOW HITPOINT WARNING * * *
Found a potion of curing.
Found a transporter.
Found 13 gold pieces.
RandomusNamus's ghost turns its malevolent gaze towards you.
Your surroundings suddenly seem different.
An iguana comes into view.
Found a stone staircase leading down.
You block the iguana's attack. The iguana bites you.
You die...

###.z...........>
....zz..........#
................#
..#########......
.##.5FY...##....#
.#8...W...8#....#
!#.=..o....#....##
.#..W....W$#.....##
©#....©...!#©..l@.#
.#........$#....#..#
...#....##...#
..8#..... ##.#
..##..... #
###.....# ......###
....#


You could see a wraith and an iguana.

Vanquished Creatures
  A gnoll (D:1)
  An adder (D:2)
  2 dart slugs (D:1)
  5 bats
  An endoplasm (D:1)
  6 goblins
  4 hobgoblins (D:1)
  3 jackals (D:2)
  3 quokkas (D:2)
  3 ball pythons (D:1)
  2 frilled lizards
  A kobold (D:2)
  2 rats (D:1)
34 creatures vanquished.

Notes
Turn   | Place    | Note
-------+----------+-------------------------------------------
     0 | D:1      | jlumianski the Demonspawn Fighter began the quest for the
                  | Orb.
     0 | D:1      | Reached XP level 1. HP: 18/18 MP: 1/1
   282 | D:1      | Gained mutation: Your demonic aura sometimes causes spilled
                  | blood to erupt in flames. [demonic ancestry]
   282 | D:1      | Reached XP level 2. HP: 13/24 MP: 2/2
   309 | D:1      | Found a faded altar of an unknown god.
   920 | D:1      | Gained mutation: You have large cloven feet. [demonic
                  | ancestry]
   920 | D:1      | Reached XP level 3. HP: 23/29 MP: 3/3
  1791 | D:3      | You fall into a shaft and drop 3 floors!
  1791 | D:6      | Noticed a bullfrog
  1791 | D:6      | Noticed a phantom
  1791 | D:6      | Noticed an ice beast
  1791 | D:6      | Noticed Maggie
  1791 | D:6      | Noticed Sigmund
  1791 | D:6      | Noticed a wight
  1791 | D:6      | Noticed a wight
  1791 | D:6      | Noticed a wight
  1795 | D:6      | Found a transporter.
  1795 | D:6      | Noticed an orc warrior
  1795 | D:6      | Noticed RandomusNamus's ghost (novice FoFi)
  1796 | D:6      | Noticed a wraith
  1798 | D:6      | Slain by an iguana

Illustrated notes

Levels and vault maps discovered:
D:1:      dpeg_arrival_court, layout_loops_ring,
          shapermc_ecumenical_altar_starsandcircs, nrook_uturn
D:2:      layout_basic
D:3:      layout_rooms, mainiacjoe_overflow_alcove_2,
          mainiacjoe_overflow_chevrons, lemuel_doored_altar
D:6:      layout_rooms, gammafunk_ghost_arena, nicolae_ossuary_entry_monument,
          minmay_between, uniq_maggie, uniq_sigmund, uniq_edmund

Skill      XL: |  1  2 |
---------------+-------+-----
Axes           | 2 |  2.7
Armour         | 3 |  3.1
Fighting       | |  3.3
Dodging        | |  0.5
Shields        | |  2.9

Action                   || total
-------------------------++-------
Melee: War axe           ||    71
       Kick              ||     1
  Use: Scroll            ||     2
       Potion            ||     1
Armor: Scale mail        ||    28
       Chain mail        ||    19
Dodge: Dodged            ||    29
Block: Buckler           ||    23

Table legend: (Time is in decaauts)
 A = Elapsed time spent in this place.
 B = Non-inter-level travel time spent in this place.
 C = Inter-level travel time spent in this place.
 D = Time resting spent in this place.
 E = Time spent auto-exploring this place.
 F = Levels seen in this place.
 G = Mean time per level.
                   A        B        C        D        E       F      G
               +--------+--------+--------+--------+--------+-----+--------+
         Total |   1833 |   1793 |     40 |      0 |   1303 |   4 |  458.2 |
       Dungeon |   1833 |   1793 |     40 |      0 |   1303 |   4 |  458.2 |
               +--------+--------+--------+--------+--------+-----+--------+

Top non-repeatable levels by time:
     D:1: 1124 daAuts
     D:2: 702 daAuts
     D:6: 6 daAuts
